AoeStats
← Efthiron

Arabia

503667325Analyzed
1v1 RM · 1mo ago on Sep 1, 2026· 49m 45s· 2 players
Game mode
Random Map
Map size
Tiny (2 player)
Population
200
Speed
Normal
Resources
Standard
Victory
Conquest
Starting age
Dark Age
Ending age
Imperial Age
RankedLock teamsTeams togetherTeam positionsShared explorationLock speedFull tech treeHidden civsTurbo modeCheats
Victory
Defeat
🇨🇴 Hindustanis · Colombia
1219
+17
🇲🇽 Mongols · Mexico
1231
-17
Matatan_CB
6:32 Loom
9:08 Feudal Age
9:51 Double-Bit Axe
20:55 Castle Age
19:09 Gold Mining
19:33 Forging
19:50 Bloodlines
20:08 Scale Barding Armor
22:09 Husbandry
23:39 Horse Collar
24:55 Iron Casting
26:56 Stone Mining
28:09 Wheelbarrow
28:25 Chain Barding Armor
29:38 Bow Saw
32:54 Hand Cart
45:05 Imperial Age
43:15 Gold Shaft Mining
43:16 Stone Shaft Mining
43:48 Light Cavalry
44:21 Fletching
45:12 Town Watch
45:08 Heavy Camel Rider
46:51 Blast Furnace
46:26 Plate Barding Armor
45:47 Bodkin Arrow
46:23 Conscription
46:53 Heavy Plow
48:13 Imperial Camel Rider
Efthiron
6:54 Loom
9:30 Feudal Age
10:01 Double-Bit Axe
17:55 Wheelbarrow
21:03 Castle Age
19:27 Scale Barding Armor
19:33 Forging
19:44 Gold Mining
20:05 Bloodlines
20:26 Horse Collar
21:57 Town Watch
23:33 Iron Casting
23:47 Bow Saw
24:30 Heavy Plow
26:31 Chain Barding Armor
32:47 Hand Cart
33:33 Stone Mining
42:53 Imperial Age
43:01 Heavy Camel Rider
45:29 Husbandry
47:03 Blast Furnace
46:35 Conscription
47:53 Light Cavalry
48:25 Fletching
Connection lost

Rejoining the realm…

Still unreachable

The connection could not be restored.

Session expired

The server has moved on; the page needs a fresh start.